3AAA
SUNSET DISTRICT FOG @ HIALEAH DODOS
07/14/2034
 
TOP OF THE 1ST
Sunset District Fog batting - Pitching for Hialeah Dodos : RHP Wu-shiun Lao
Pitching: RHP Wu-shiun Lao
Batting: LHB Arnold England 0-0: Ball
1-0: Ball
2-0: Ball
3-0: Foul Ball, location: 2F
3-1: Swinging Strike
3-2: Base on Balls
Batting: LHB Ed Berry 0-0: Ball
1-0: Reached on error, E1 (Groundball, P)
Arnold England to second
Batting: LHB Ieyoshi Samurakami 0-0: Ball
1-0: Called Strike
1-1: Ball
2-1: Ball
3-1: Base on Balls
Arnold England to third
Ed Berry to second
Batting: RHB Silvian Burger 0-0: Swinging Strike
0-1: Fly out, F4 (Line Drive, 4)
Batting: LHB Jesús De Jesús 0-0: Ball
1-0: Fly out, F8 (Flyball, 8RS)
Runner from 3rd tags up, SCORES, no throw
Batting: RHB Keohi Iese 0-0: Called Strike
0-1: 3-RUN HOME RUN (Flyball, 7D), Distance : 375 ft
Batting: RHB Tom Woolever 0-0: Ball
1-0: Foul Ball, location: 2F
1-1: Called Strike
1-2: Foul Ball, location: 2F
1-2: Ball
2-2: Ground out 4-3 (Groundball, 4)
Top of the 1st over - 4 runs, 1 hit, 1 error, 0 left on base; Sunset District 4 - Hialeah 0
BOTTOM OF THE 1ST
Hialeah Dodos batting - Pitching for Sunset District Fog : RHP Jeff Mahl
Pitching: RHP Jeff Mahl
Batting: SHB Luis Manuel Flores 0-0: Swinging Strike
0-1: SINGLE (Flyball, 7LS)
Batting: RHB James Hill 0-0: Ball
1-0: Ball
2-0: Called Strike
2-1: SINGLE (Groundball, 34) (infield hit)
Luis Manuel Flores to second
Batting: RHB Jorge Salgado 0-0: Fly out, F3 (Popup, 23F)
Batting: RHB Robert Emmet Odlum 0-0: Foul Ball, location: 2F
0-1: Ball
1-1: Ball
Wild Pitch!
Luis Manuel Flores to third
James Hill to second
2-1: Ball
3-1: Hit by Pitch
Batting: LHB Errol Levick 0-0: Ball
1-0: Called Strike
1-1: Called Strike
1-2: Strikes out looking
Batting: RHB Armando García 0-0: Swinging Strike
0-1: Called Strike
0-2: Ball
1-2: Ball
2-2: Strikes out swinging
Bottom of the 1st over - 0 runs, 2 hits, 0 errors, 3 left on base; Sunset District 4 - Hialeah 0
TOP OF THE 2ND
Sunset District Fog batting - Pitching for Hialeah Dodos : RHP Wu-shiun Lao
Batting: LHB Mo Wyndham 0-0: Called Strike
0-1: Ball
1-1: Foul Ball, location: 2F
1-2: Foul Ball, location: 2F
1-2: Foul Ball, location: 2F
1-2: Ball
2-2: SINGLE (Flyball, 78M) - OUT at second base trying to stretch hit.
Batting: LHB Jesús Trevino 0-0: Ball
1-0: Ball
2-0: Fly out, F8 (Line Drive, 8RD)
Batting: LHB Arnold England 0-0: Ball
1-0: Called Strike
1-1: Ball
2-1: Foul Ball, location: 2F
2-2: Strikes out swinging
Top of the 2nd over - 0 runs, 1 hit, 0 errors, 0 left on base; Sunset District 4 - Hialeah 0
BOTTOM OF THE 2ND
Hialeah Dodos batting - Pitching for Sunset District Fog : RHP Jeff Mahl
Batting: LHB Curt Wilson 0-0: Foul Ball, location: 2F
0-1: Ball
1-1: Ball
2-1: Ground out 6-3 (Groundball, 6S)
Batting: RHB Aurelio Álvarez 0-0: Fly out, F6 (Popup, 15S)
Batting: RHB Jack Head 0-0: Swinging Strike
0-1: Ball
1-1: Ball
2-1: Ball
3-1: Base on Balls
Batting: SHB Luis Manuel Flores 0-0: Ball
1-0: Swinging Strike
1-1: Ball
2-1: Ball
3-1: Base on Balls
Jack Head to second
Batting: RHB James Hill 0-0: Foul Ball, location: 2F
0-1: Swinging Strike
0-2: Strikes out swinging
Bottom of the 2nd over - 0 runs, 0 hits, 0 errors, 2 left on base; Sunset District 4 - Hialeah 0
TOP OF THE 3RD
Sunset District Fog batting - Pitching for Hialeah Dodos : RHP Wu-shiun Lao
Batting: LHB Ed Berry 0-0: Foul Ball, location: 2F
0-1: Ball
1-1: Called Strike
1-2: Strikes out looking
Batting: LHB Ieyoshi Samurakami 0-0: Ball
1-0: Called Strike
1-1: Ball
2-1: Swinging Strike
2-2: Fly out, F3 (Line Drive, 34)
Batting: RHB Silvian Burger 0-0: Ball
1-0: Foul Ball, location: 2F
1-1: Foul Ball, location: 2F
1-2: Ball
2-2: Foul Ball, location: 2F
2-2: Fly out, F8 (Flyball, 89XD)
Top of the 3rd over - 0 runs, 0 hits, 0 errors, 0 left on base; Sunset District 4 - Hialeah 0
BOTTOM OF THE 3RD
Hialeah Dodos batting - Pitching for Sunset District Fog : RHP Jeff Mahl
Batting: RHB Jorge Salgado 0-0: Swinging Strike
0-1: Ball
1-1: Called Strike
1-2: Hit by Pitch
Batting: RHB Robert Emmet Odlum 0-0: Called Strike
0-1: Ball
1-1: Foul Ball, location: 2F
1-2: Ball
2-2: Ball
3-2: Fly out, F8 (Flyball, 8LM)
Batting: LHB Errol Levick 0-0: Called Strike
0-1: Foul Ball, location: 2F
0-2: Strikes out swinging
Batting: RHB Armando García 0-0: Called Strike
0-1: Ball
Throwing error on steal attempt, E2
Jorge Salgado to third
1-1: Swinging Strike
1-2: Ball
2-2: Ground out 6-3 (Groundball, 6M)
Bottom of the 3rd over - 0 runs, 0 hits, 1 error, 1 left on base; Sunset District 4 - Hialeah 0
TOP OF THE 4TH
Sunset District Fog batting - Pitching for Hialeah Dodos : RHP Wu-shiun Lao
Batting: LHB Jesús De Jesús 0-0: Called Strike
0-1: Called Strike
0-2: Ground out 4-3 (Groundball, 4)
Batting: RHB Keohi Iese 0-0: Ball
1-0: Fly out, F3 (Popup, 3F)
Batting: RHB Tom Woolever 0-0: Ball
1-0: Called Strike
1-1: Ball
2-1: Ball
3-1: Foul Ball, location: 2F
3-2: Foul Ball, location: 2F
3-2: Ground out 6-3 (Groundball, 6S)
Top of the 4th over - 0 runs, 0 hits, 0 errors, 0 left on base; Sunset District 4 - Hialeah 0
BOTTOM OF THE 4TH
Hialeah Dodos batting - Pitching for Sunset District Fog : RHP Jeff Mahl
Batting: LHB Curt Wilson 0-0: Called Strike
0-1: Fly out, F7 (Flyball, 7LSF)
Batting: RHB Aurelio Álvarez 0-0: Called Strike
0-1: Ball
1-1: Ball
2-1: Ball
3-1: Fly out, F6 (Line Drive, 6)
Batting: RHB Jack Head 0-0: Ball
1-0: Foul Ball, location: 2F
1-1: Called Strike
1-2: Foul Ball, location: 2F
1-2: Strikes out looking
Bottom of the 4th over - 0 runs, 0 hits, 0 errors, 0 left on base; Sunset District 4 - Hialeah 0
TOP OF THE 5TH
Sunset District Fog batting - Pitching for Hialeah Dodos : RHP Wu-shiun Lao
Batting: LHB Mo Wyndham 0-0: Ball
1-0: Ground out U3 (Groundball, 3)
Batting: LHB Jesús Trevino 0-0: Ball
1-0: Ball
2-0: Called Strike
2-1: Foul Ball, location: 2F
2-2: Foul Ball, location: 2F
2-2: Foul Ball, location: 2F
2-2: Strikes out swinging
Batting: LHB Arnold England 0-0: Ground out U3 (Groundball, 3)
Top of the 5th over - 0 runs, 0 hits, 0 errors, 0 left on base; Sunset District 4 - Hialeah 0
BOTTOM OF THE 5TH
Hialeah Dodos batting - Pitching for Sunset District Fog : RHP Jeff Mahl
Batting: SHB Luis Manuel Flores 0-0: Ball
1-0: Ball
2-0: Foul Ball, location: 2F
2-1: Foul Ball, location: 2F
2-2: Ground out 4-3 (Groundball, 4)
Batting: RHB James Hill 0-0: Called Strike
0-1: Ball
1-1: Swinging Strike
1-2: Ball
2-2: Strikes out swinging
Batting: RHB Jorge Salgado 0-0: Foul Ball, location: 2F
0-1: Ball
1-1: Foul Ball, location: 2F
1-2: Ball
2-2: Ground out 4-3 (Groundball, 4)
Bottom of the 5th over - 0 runs, 0 hits, 0 errors, 0 left on base; Sunset District 4 - Hialeah 0
TOP OF THE 6TH
Sunset District Fog batting - Pitching for Hialeah Dodos : RHP Wu-shiun Lao
Batting: LHB Ed Berry 0-0: Ball
1-0: Called Strike
1-1: Swinging Strike
1-2: Ball
2-2: Strikes out looking
Batting: LHB Ieyoshi Samurakami 0-0: Ball
1-0: Ball
2-0: Ball
3-0: Base on Balls
Batting: RHB Silvian Burger 0-0: Called Strike
0-1: Fielders Choice at 2nd, 1-6 (Groundball, 13S)
Pitching: RHP Cisco Ortíz
Batting: LHB Jesús De Jesús 0-0: Called Strike
0-1: Ball
1-1: Ball
2-1: Ball
3-1: Swinging Strike
3-2: Fly out, F5 (Flyball, 5D)
Top of the 6th over - 0 runs, 0 hits, 0 errors, 1 left on base; Sunset District 4 - Hialeah 0
BOTTOM OF THE 6TH
Hialeah Dodos batting - Pitching for Sunset District Fog : RHP Jeff Mahl
Batting: RHB Robert Emmet Odlum 0-0: Ball
1-0: Called Strike
1-1: Called Strike
1-2: Ball
2-2: Foul Ball, location: 2F
2-2: SINGLE (Groundball, 6MD)
Pitching: RHP Jesús Gonzáles
Batting: LHB Errol Levick 0-0: Grounds into double play, 4-6-3 (Groundball, 4)
Batting: RHB Armando García 0-0: Foul Ball, location: 2F
0-1: Ball
1-1: Ball
2-1: Swinging Strike
2-2: Ball
3-2: Base on Balls
Batting: LHB Curt Wilson 0-0: Ball
1-0: Called Strike
1-1: Foul Ball, location: 2F
1-2: Strikes out swinging
Bottom of the 6th over - 0 runs, 1 hit, 0 errors, 1 left on base; Sunset District 4 - Hialeah 0
TOP OF THE 7TH
Sunset District Fog batting - Pitching for Hialeah Dodos : RHP Cisco Ortíz
Batting: RHB Keohi Iese 0-0: Ball
1-0: SOLO HOME RUN (Flyball, 7LD), Distance : 342 ft
Batting: RHB Tom Woolever 0-0: Ball
1-0: Swinging Strike
1-1: SINGLE (Groundball, 4MD)
Batting: LHB Mo Wyndham 0-0: Ball
1-0: Fly out, F7 (Flyball, 7S)
Batting: LHB Jesús Trevino 0-0: Ball
1-0: SINGLE (Groundball, 56D)
Tom Woolever to second
Batting: LHB Arnold England 0-0: Ball
1-0: Called Strike
1-1: Ball
2-1: Fly out, F9 (Flyball, 9LS)
Batting: LHB Ed Berry 0-0: Ball
1-0: DOUBLE (Groundball, 5L)
Tom Woolever scores
Jesús Trevino to third
Runner from 3rd tries for Home, SAFE, no throw
Batting: LHB Ieyoshi Samurakami 0-0: Ball
1-0: Called Strike
1-1: Ball
2-1: Ball
3-1: 2-RUN HOME RUN (Flyball, 9LD), Distance : 349 ft
Batting: RHB Silvian Burger 0-0: Ball
1-0: Fly out, F8 (Flyball, 8LD)
Top of the 7th over - 5 runs, 5 hits, 0 errors, 0 left on base; Sunset District 9 - Hialeah 0
BOTTOM OF THE 7TH
Hialeah Dodos batting - Pitching for Sunset District Fog : RHP Jesús Gonzáles
Batting: RHB Aurelio Álvarez 0-0: Called Strike
0-1: Foul Ball, location: 2F
0-2: Ball
1-2: SINGLE (Line Drive, 78S)
Pitching: RHP Kendarian Handy-Holly
Batting: RHB Jack Head 0-0: Foul Ball, location: 2F
0-1: Foul Ball, location: 2F
0-2: Foul Ball, location: 2F
0-2: Strikes out swinging
Batting: SHB Luis Manuel Flores 0-0: Foul Ball, location: 2F
0-1: Ball
1-1: Called Strike
1-2: Ball
2-2: Foul Ball, location: 2F
2-2: Grounds into double play, 6-4-3 (Groundball, 6)
Bottom of the 7th over - 0 runs, 1 hit, 0 errors, 0 left on base; Sunset District 9 - Hialeah 0
TOP OF THE 8TH
Sunset District Fog batting - Pitching for Hialeah Dodos : RHP Cisco Ortíz
Batting: LHB Jesús De Jesús 0-0: Called Strike
0-1: SINGLE (Groundball, 4D)
Batting: RHB Keohi Iese 0-0: Ball
1-0: Ball
2-0: Called Strike
2-1: Foul Ball, location: 2F
2-2: Ball
3-2: Foul Ball, location: 2F
3-2: Strikes out looking
Batting: RHB Tom Woolever 0-0: Ball
1-0: Called Strike
1-1: Ball
2-1: Fielders Choice at 2nd, 1-4 (Groundball, 15)
Batting: LHB Mo Wyndham 0-0: Ground out 4-3 (Groundball, 34)
Top of the 8th over - 0 runs, 1 hit, 0 errors, 1 left on base; Sunset District 9 - Hialeah 0
BOTTOM OF THE 8TH
Hialeah Dodos batting - Pitching for Sunset District Fog : RHP Kendarian Handy-Holly
Now in RF: Frank Brinton
Batting: RHB James Hill 0-0: Ground out 6-3 (Groundball, 6M)
Batting: RHB Jorge Salgado 0-0: Foul Ball, location: 2F
0-1: Swinging Strike
0-2: Ball
1-2: Ball
2-2: SOLO HOME RUN (Flyball, 9D), Distance : 378 ft
Batting: RHB Robert Emmet Odlum 0-0: Called Strike
0-1: Ball
1-1: Called Strike
1-2: Foul Ball, location: 2F
1-2: Ball
2-2: SINGLE (Groundball, 4S) (infield hit)
Batting: LHB Errol Levick 0-0: Foul Ball, location: 2F
0-1: Ball
1-1: Foul Ball, location: 2F
1-2: Strikes out swinging
Batting: RHB Armando García 0-0: SINGLE (Line Drive, 8LS)
Robert Emmet Odlum to second
Runner from 2nd tries for 3rd, SAFE, no throw
Batting: LHB Curt Wilson 0-0: Ball
1-0: Called Strike
1-1: Foul Ball, location: 2F
1-2: 3-RUN HOME RUN (Flyball, 9LD), Distance : 364 ft
Pitching: RHP Larry Strozier
Batting: RHB Aurelio Álvarez 0-0: Ball
1-0: Called Strike
1-1: Ball
2-1: Swinging Strike
2-2: DOUBLE (Flyball, 89XD)
Pinch Runner at 2nd Juan Perales:
Batting: RHB Jack Head 0-0: Called Strike
0-1: Foul Ball, location: 2F
0-2: Ball
1-2: Ball
2-2: Foul Ball, location: 2F
2-2: Strikes out swinging
Bottom of the 8th over - 4 runs, 5 hits, 0 errors, 1 left on base; Sunset District 9 - Hialeah 4
TOP OF THE 9TH
Sunset District Fog batting - Pitching for Hialeah Dodos : RHP Cisco Ortíz
Pitching: RHP Alberto Robles
Now in LF: Juan Perales
Batting: LHB Jesús Trevino 0-0: Ball
1-0: Ball
2-0: Fly out, F8 (Flyball, 8RM)
Batting: LHB Arnold England 0-0: Ball
1-0: Ball
2-0: Ball
3-0: Called Strike
3-1: Base on Balls
Batting: LHB Ed Berry 0-0: Ball
Arnold England is caught stealing 2nd base
1-0: Ball
2-0: Ball
3-0: Base on Balls
Batting: LHB Ieyoshi Samurakami 0-0: Ball
1-0: Swinging Strike
1-1: Foul Ball, location: 2F
1-2: Fly out, F8 (Flyball, 8RXD)
Top of the 9th over - 0 runs, 0 hits, 0 errors, 1 left on base; Sunset District 9 - Hialeah 4
BOTTOM OF THE 9TH
Hialeah Dodos batting - Pitching for Sunset District Fog : RHP Larry Strozier
Batting: SHB Luis Manuel Flores 0-0: Ball
1-0: Foul Ball, location: 2F
1-1: Swinging Strike
1-2: SINGLE (Line Drive, 7S)
Batting: RHB James Hill 0-0: Fly out, F8 (Line Drive, 89M)
Batting: RHB Jorge Salgado 0-0: Called Strike
0-1: Ball
1-1: Ball
2-1: Foul Ball, location: 2F
2-2: Strikes out swinging
Batting: RHB Robert Emmet Odlum 0-0: Called Strike
0-1: Foul Ball, location: 2F
0-2: Ball
1-2: Foul Ball, location: 2F
1-2: Ball
2-2: Foul Ball, location: 2F
2-2: Ball
3-2: Fly out, F7 (Line Drive, 7)
Bottom of the 9th over - 0 runs, 1 hit, 0 errors, 1 left on base; Sunset District 9 - Hialeah 4
Friday, March 29th, 2019 - OOTP Baseball 18.8 Build 76